 Dungeon Crawl Stone Soup version 0.22-a0-161-g198051cff3 (webtiles) character file.

1794 RedPan the Ducker (level 8, -3/61 HPs)
             Began as a Yellow Draconian Fire Elementalist on Feb 11, 2018.
             Slain by an ogre
             ... wielding a +0 giant club
              (15 damage)
             ... on level 6 of the Dungeon.
             The game lasted 00:27:45 (8443 turns).

RedPan the Ducker (DrFE)                            Turns: 8443, Time: 00:27:45

Health: -3/61      AC:  8    Str: 11    XL:     8   Next: 82%
Magic:  2/12       EV: 15    Int: 18    God:
Gold:   287        SH:  0    Dex: 11    Spells: 0/13 levels left

rFire    . . .     SeeInvis .   p - +1 dagger
rCold    . . .     Gourm    .   (no shield)
rNeg     . . .     Faith    .   (armour unavailable)
rPois    +         Spirit   .   (helmet restricted)
rElec    .         Reflect  .   (no cloak)
rCorr    +         Harm     .   f - +1 pair of gloves
MR       .....                  (no boots)
Stlth    ++........             (no amulet)
HPRegen  0.20/turn              j - ring of poison resistance
MPRegen  0.13/turn              (no ring)

@: about to teleport, very slightly contaminated
A: spit acid, acid resistance, unfitting armour, cold-blooded, AC +6
a: Breathe Acid


You were on level 6 of the Dungeon.
You were not hungry.

You visited 1 branch of the dungeon, and saw 6 of its levels.

You collected 287 gold pieces.

Inventory:

Hand Weapons
 p - a +1 dagger (weapon)
Armour
 f - a +1 pair of gloves (worn)
Jewellery
 j - a ring of poison resistance (left hand)
Wands
 u - a wand of disintegration (2)
 z - a wand of random effects (2)
 C - a wand of enslavement (19)
Scrolls
 k - 4 scrolls of teleportation
 l - 3 scrolls of identify
 m - a scroll of blinking
 o - a scroll of enchant weapon
 r - a scroll of fear
 s - a scroll of remove curse
 y - a scroll of enchant armour
Potions
 c - 2 potions of lignification {unknown}
 d - 2 potions of heal wounds
 g - a potion of might {unknown}
 h - 5 potions of curing
 i - 2 potions of agility {unknown}
 n - 2 potions of brilliance
 t - a potion of degeneration {unknown}
 v - a potion of flight {unknown}
 x - a potion of resistance {unknown}
Books
 a - a book of Flames

   Spells                             Type                      Level
   a - Flame Tongue                   Conjuration/Fire             1
   b - Throw Flame                    Conjuration/Fire             2
   c - Conjure Flame                  Conjuration/Fire             3
   d - Inner Flame                    Hexes/Fire                   3
   e - Sticky Flame                   Conjuration/Fire             4
   f - Fireball                       Conjuration/Fire             5
 e - a book of Cantrips

   Spells                             Type                      Level
   a - Confusing Touch                Hexes                        1
   b - Animate Skeleton               Necromancy                   1
   c - Summon Small Mammal            Summoning                    1
   d - Apportation                    Translocation                1
Comestibles
 b - 9 rations


   Skills:
 - Level 2.1 Fighting
 + Level 6.2 Dodging
 - Level 3.3 Stealth
 - Level 3.2 Spellcasting
 + Level 6.0 Conjurations
 + Level 6.1 Fire Magic


You couldn't memorise any spells.
You knew the following spells:

 Your Spells              Type           Power        Failure   Level  Hunger
a - Flame Tongue          Conj/Fire      ###..        1%          1    None
b - Throw Flame           Conj/Fire      ###...       1%          2    ##.....
c - Sticky Flame          Conj/Fire      ###.....     13%         4    ####...
d - Summon Small Mammal   Summ           #...         16%         1    None
e - Fireball              Conj/Fire      ###.......   34%         5    ######.


Dungeon Overview and Level Annotations

Branches:
Dungeon (6/15)
 Temple: D:4-7

Altars:
Elyvilon
Qazlal
Xom

Annotations:
D:6 exclusions: crimson imp and slave, Pikel


Innate Abilities, Weirdness & Mutations

You can spit globs of acid.
You are resistant to acid.
Your golden yellow scales are hard. (AC +6)
You cannot fit into any form of body armour.
You are cold-blooded and may be slowed by cold attacks.


Message History

The slave hits you but does no damage.
Pikel says, "You'll feel the lick of my whip!"
Pikel hits you but does no damage.
You hit Pikel.
Pikel is almost dead.
Pikel hits you but does no damage. The slave hits you.
* * * LOW HITPOINT WARNING * * *
The ogre closely misses you.
Unknown command.
You hit Pikel but do no damage.
Pikel is almost dead.
Pikel misses you. The slave barely misses you.
The howler monkey hoots and howls with incredible vigour!
You hear a shout!
You hear an angry hiss.
Unknown command.
The howler monkey hoots and howls with incredible vigour!
You hear a shout!
As you read the scroll of teleportation, it crumbles to dust.
You feel strangely unstable. The ogre hits you with a giant club!
You die...

.>.#### ##.### .#.#
#... .#.# #.#. ##
.#.#############..#p
... ............[....h
.....
..............(H.##..#
.##########....ppKpp.#
.# #O#
.###############@#
.................#
##################


You could see a hippogriff, Pikel, an ogre, 2 slaves and a howler monkey.

Vanquished Creatures
  A sky beast (D:5)
  6 ogres
  A big kobold (D:5)
  Blork the orc (D:6)
  2 bullfrogs
  2 scorpions
  4 wights (D:6)
  2 howler monkeys (D:6)
  A crimson imp (D:5)
  A bullfrog zombie (D:5)
  A jelly (D:6)
  A hound (D:4)
  2 orc priests (D:5)
  2 orc wizards
  An iguana (D:5)
  2 worker ants (D:4)
  6 gnolls
  7 adders
  2 oozes
  An adder zombie (D:4)
  An adder skeleton (D:4)
  2 worms
  2 dart slugs (D:2)
  6 leopard geckos
  18 orcs
  9 bats
  4 giant cockroaches
  9 hobgoblins
  8 jackals
  3 quokkas
  A ball python (D:2)
  8 frilled lizards
  6 goblins
  A jackal skeleton (D:4)
  34 kobolds
  A leopard gecko skeleton (D:6)
  10 rats
169 creatures vanquished.

Notes
Turn   | Place    | Note
-------+----------+-------------------------------------------
     0 | D:1      | RedPan the Draconian Fire Elementalist began the quest for the Orb.
     0 | D:1      | Reached XP level 1. HP: 14/14 MP: 3/3
   429 | D:1      | Reached XP level 2. HP: 18/20 MP: 1/5
   843 | D:1      | Learned a level 2 spell: Throw Flame
  1164 | D:1      | Reached XP level 3. HP: 26/26 MP: 4/6
  1727 | D:2      | Reached XP level 4. HP: 33/33 MP: 5/7
  2785 | D:3      | Reached XP level 5. HP: 35/38 MP: 1/8
  3750 | D:4      | Reached XP level 6. HP: 45/45 MP: 3/9
  4373 | D:4      | Found a stormy altar of Qazlal.
  5197 | D:5      | Entered Level 5 of the Dungeon
  5218 | D:5      | Reached skill level 1 in Fighting
  5385 | D:5      | Your scales start taking on a golden yellow colour.
  5385 | D:5      | Reached XP level 7. HP: 33/55 MP: 9/11
  5848 | D:5      | Found a shimmering altar of Xom.
  6176 | D:5      | Found a white marble altar of Elyvilon.
  6362 | D:5      | Reached skill level 5 in Dodging
  6369 | D:5      | Learned a level 4 spell: Sticky Flame
  6730 | D:5      | Reached XP level 8. HP: 51/61 MP: 12/12
  7138 | D:6      | Noticed Blork the orc
  7147 | D:6      | Killed Blork the orc
  7147 | D:6      | Reached skill level 5 in Fire Magic
  7236 | D:6      | Reached skill level 5 in Conjurations
  7962 | D:6      | Noticed a hippogriff
  8020 | D:6      | Learned a level 1 spell: Summon Small Mammal
  8026 | D:6      | Learned a level 5 spell: Fireball
  8033 | D:6      | Noticed a hippogriff
  8425 | D:6      | Noticed Pikel
  8443 | D:6      | Slain by an ogre

Vault maps used:
D:1:      roderic_lyre
D:2:      amethyst_killhole
D:3:      first_ration
D:4:      lemuel_doored_altar, serial_bayou_pond_e, minivault_24,
          hangedman_decor_riveting, minivault_4
D:5:      kennysheep_kobold_camp, kennysheep_mini, xom_butterflies
D:6:      serial_shops, nicolae_shop_window_shopping, uniq_pikel,
          uniq_blork_the_orc

Skill      XL: |  1  2  3  4  5  6  7  8 |
---------------+-------------------------+-----
Conjurations   | 2 3 4 6 |  6.0
Fire Magic     | 4 6 |  6.1
Dodging        | 2 3 5 6 |  6.2
Stealth        | 2 3 |  3.3
Fighting       | 2 |  2.1
Spellcasting   | 3 |  3.2

Action                   |  1- 3 |  4- 6 |  7- 9 || total
-------------------------+-------+-------+-------++-------
Melee: Club              |     6 |       |       ||     6
       Unarmed           |     6 |       |       ||     6
       Hand axe          |    40 |       |       ||    40
       Tailslap          |     4 |    11 |    17 ||    32
       Dagger            |     8 |    49 |   213 ||   270
       Falchion          |       |    20 |       ||    20
 Cast: Flame Tongue      |    49 |   113 |   108 ||   270
       Throw Flame       |     2 |    12 |     9 ||    23
       Sticky Flame      |       |       |     8 ||     8
 Abil: Breathe Acid      |       |       |     3 ||     3
Evoke: Wand              |       |     5 |    10 ||    15
  Use: Scroll            |     7 |     5 |     4 ||    16
       Potion            |       |       |     1 ||     1
 Stab: Sleeping          |     2 |     5 |     2 ||     9
  Eat: Chunk             |     4 |    13 |    11 ||    28
       Ration            |       |       |     1 ||     1
Armor: Skin              |    31 |    45 |    86 ||   162
Dodge: Dodged            |    66 |    87 |   194 ||   347
       Rpst.: Falchion   |       |     7 |       ||     7

Table legend:
 A = Spawn XP
 B = Non-spawn XP
 C = Spawn XP percentage of total XP
 D = Spawn monster count
 E = Non-spawn monster count
 F = Spawn count percentage of total count
 G = Total turns spent on level
                    A         B        C        D         E        F      G
               +---------+---------+-------+---------+---------+-------+---------
         Total |       0 |    2564 |   0.0 |       0 |     169 |   0.0 |  8443
               +---------+---------+-------+---------+---------+-------+---------
           D:1 |       0 |      42 |   0.0 |       0 |      29 |   0.0 |  1340
           D:2 |       0 |     111 |   0.0 |       0 |      30 |   0.0 |  1260
           D:3 |       0 |     136 |   0.0 |       0 |      24 |   0.0 |   979
           D:4 |       0 |     253 |   0.0 |       0 |      25 |   0.0 |  1738
           D:5 |       0 |    1032 |   0.0 |       0 |      41 |   0.0 |  1880
           D:6 |       0 |     990 |   0.0 |       0 |      20 |   0.0 |  1246
               +---------+---------+-------+---------+---------+-------+---------
